 Dungeon Crawl Stone Soup version 0.25-a0-87-ga3d287bc14 (webtiles) character file.

Game seed: 17738631818704364108, levelgen mode: deterministic

1910892 koomeeoh the Conqueror (level 27, 273/273 HPs)
             Began as a Hill Orc Fighter on Nov 9, 2019.
             Was a Follower of Uskayaw.
             Escaped with the Orb
             ... and 3 runes on Nov 10, 2019!
             The game lasted 03:47:38 (62284 turns).

koomeeoh the Conqueror (Hill Orc Fighter)          Turns: 62284, Time: 03:47:39

Health: 273/273    AC: 52    Str: 28    XL:     27
Magic:  37/37      EV: 12    Int: 18    God:    Uskayaw [*.....]
Gold:   4584       SH: 27    Dex: 10    Spells: 39/46 levels left

rFire    + + .     SeeInvis +   a - +9 broad axe (vamp)
rCold    + + .     Gourm    .   o - +2 large shield
rNeg     + . .     Faith    .   g - +11 gold dragon scales
rPois    +         Spirit   .   s - +3 crown of Dyrovepreva {rElec Int+2 SInv}
rElec    +         Reflect  .   E - +2 cloak {+Inv}
rCorr    .         Harm     +   e - +1 pair of gloves {archery}
MR       ++++.                  O - +2 pair of boots {run}
Stlth    ..........             B - amulet "Dohysod" {Harm *Drain rPois rF+ MR++ Str-2 Int+4}
HPRegen  0.55/turn              V - +6 ring of slaying
MPRegen  0.25/turn              H - ring of Vueppym {rC+ rN+ EV+5}

@: singing (expiring), quick
A: hooves 1, yellow scales 1, see invisible, clever 1, shaggy fur 1
0: Orb of Zot
}: 3/15 runes: serpentine, barnacled, silver
a: Stomp, Renounce Religion, Evoke Invisibility


You escaped.
You worshipped Uskayaw.
Uskayaw was most pleased with you.
You were not hungry.

You visited 10 branches of the dungeon, and saw 52 of its levels.
You visited 1 bazaar.
You also visited: Ossuary, Gauntlet and Ice Cave.

You collected 11378 gold pieces.
You spent 6794 gold pieces at shops.

Inventory:

Hand Weapons
 a - a +9 vampiric broad axe (weapon)
 b - a +8 broad axe of chopping
Missiles
 r - 121 boomerangs
 t - 16 curare-tipped darts
 I - 38 silver javelins
 J - 7 throwing nets
 W - 76 javelins (quivered)
Armour
 e - a +1 pair of gloves of archery (worn)
 g - +11 gold dragon scales (worn)
 o - a +2 large shield (worn)
 s - the +3 crown of Dyrovepreva (worn) {rElec Int+2 SInv}
   (You bought it in a shop in a bazaar)

   It affects your intelligence (+2).
   It insulates you from electricity.
   It lets you see invisible.
 E - a +2 cloak of invisibility (worn)
 O - a +2 pair of boots of running (worn)
Jewellery
 j - the ring "Utozutoym" {Wiz Str+4}
   (You took it off an orc on level 1 of the Elven Halls)

   [ring of wizardry]

   It improves your spell success rate.
   It affects your strength (+4).
 l - the ring "Zejuamucazy" {rF+ Str+3 Stlth+}
   (You found it on level 3 of the Crypt)

   [ring of protection from fire]

   It affects your strength (+3).
   It protects you from fire.
   It makes you more stealthy.
 B - the amulet "Dohysod" (around neck) {Harm *Drain rPois rF+ MR++ Str-2 Int+4}
   (You bought it in a shop on level 1 of the Snake Pit)

   [amulet of harm]

   It increases damage dealt and taken.
   It affects your strength (-2).
   It affects your intelligence (+4).
   It protects you from fire.
   It protects you from poison.
   It affects your resistance to hostile enchantments.
   It causes draining when unequipped.
 G - an uncursed ring of fire
 H - the ring of Vueppym (right hand) {rC+ rN+ EV+5}
   (You bought it in a shop on level 11 of the Dungeon)

   [ring of evasion]

   It affects your evasion (+5).
   It protects you from cold.
   It protects you from negative energy.
 V - a +6 ring of slaying (left hand)
Wands
 c - a wand of clouds (2)
 z - a wand of iceblast (23)
 C - a wand of digging (12)
 P - a wand of acid (37)
Scrolls
 i - 13 scrolls of fog
 k - 26 scrolls of teleportation
 m - 3 scrolls of fear
 n - 14 scrolls of magic mapping
 u - 35 scrolls of remove curse
 y - a scroll of summoning
 A - 2 scrolls of silence
 R - 9 scrolls of blinking
 S - 20 scrolls of identify
 Y - 5 scrolls of holy word
Potions
 d - 6 potions of might
 p - 7 potions of resistance
 q - 3 potions of berserk rage
 w - 6 potions of agility
 x - 29 potions of curing
 D - 8 potions of ambrosia
 F - 7 potions of heal wounds
 K - 6 potions of invisibility
 L - 5 potions of brilliance
 N - 3 potions of magic
 Q - 6 potions of cancellation
 T - 9 potions of haste
Miscellaneous
 h - a lamp of fire
 U - 5 boxes of beasts
 X - a phial of floods
Comestibles
 f - 85 rations


   Skills:
 O Level 27 Fighting
 - Level 25.8 Axes
 - Level 17.2 Throwing
 - Level 23.0 Armour
 - Level 23.8 Shields
 - Level 3.0 Unarmed Combat
 - Level 10.0 Spellcasting
 - Level 10.3 Charms
 - Level 5.4 Necromancy
 - Level 4.0 Transmutations
 * Level 9.9 Earth Magic
 * Level 16.9 Invocations
 * Level 12.0 Evocations


You had 39 spell levels left.
You knew the following spells:

 Your Spells              Type           Power        Failure   Level  Hunger
a - Song of Slaying       Chrm           #####...     1%          2    None
b - Regeneration          Chrm/Necr      #####.....   9%          3    None
c - Passwall              Tmut/Erth      ####....     7%          2    None

Your spell library contained the following spells:

 Spells                   Type           Power        Failure   Level  Hunger
 Infusion                 Chrm           ####         1%          1    None
 Sandblast                Erth           #####.       1%          1    None
 Animate Skeleton         Necr           N/A          9%          1    None
 Pain                     Necr           ####         9%          1    None
 Corpse Rot               Necr           N/A          13%         2    None
 Sublimation of Blood     Necr           ####......   13%         2    None
 Shroud of Golubria       Chrm/Tloc      ####..       14%         2    None
 Swiftness                Chrm/Air       ####....     14%         2    None
 Beastly Appendage        Tmut           ###...       16%         1    None
 Sticks to Snakes         Tmut           ###.....     22%         2    None
 Vampiric Draining        Necr           ####......   26%         3    None
 Ozocubu's Armour         Chrm/Ice       ####....     28%         3    None
 Spectral Weapon          Hex/Chrm       ####....     28%         3    None
 Stone Arrow              Conj/Erth      ####..       30%         3    None
 Lee's Rapid Deconstruct  Erth           #####.....   36%         5    #####..
 Petrify                  Tmut/Erth      ####....     41%         4    ###....
 Apportation              Tloc           #.....       61%         1    None
 Confusing Touch          Hex            #.....       61%         1    None
 Corona                   Hex            #......      61%         1    None
 Flame Tongue             Conj/Fire      #....        61%         1    None
 Freeze                   Ice            #...         61%         1    None
 Magic Dart               Conj           #...         61%         1    None
 Shock                    Conj/Air       #...         61%         1    None
 Summon Butterflies       Summ           #.......     61%         1    None
 Summon Small Mammal      Summ           #...         61%         1    None
 Animate Dead             Necr           N/A          63%         4    ###....
 Borgnjor's Vile Clutch   Necr/Erth      #####.....   67%         5    #####..
 Spider Form              Tmut/Pois      ###.......   71%         3    None
 Leda's Liquefaction      Hex/Erth       ####......   71%         4    ###....
 Blink                    Tloc           N/A          75%         2    None
 Call Imp                 Summ           #.......     75%         2    None
 Ensorcelled Hibernation  Hex/Ice        #.....       75%         2    None
 Poisonous Vapours        Pois/Air       #.....       75%         2    None
 Slow                     Hex            #.......     75%         2    None
 Throw Flame              Conj/Fire      #.....       75%         2    None
 Throw Frost              Conj/Ice       #.....       75%         2    None
 Call Canine Familiar     Summ           #.......     93%         3    None
 Confuse                  Hex            #.......     93%         3    None
 Conjure Flame            Conj/Fire      #.......     93%         3    None
 Dazzling Spray           Conj/Hex       #.....       93%         3    None
 Gell's Gravitas          Tloc           #.........   93%         3    None
 Inner Flame              Hex/Fire       #.......     93%         3    None
 Lesser Beckoning         Tloc           #.........   93%         3    None
 Mephitic Cloud           Conj/Pois/Air  #.......     93%         3    None
 Portal Projectile        Hex/Tloc       #.....       93%         3    None
 Recall                   Summ/Tloc      N/A          93%         3    None
 Static Discharge         Conj/Air       #.......     93%         3    None
 Summon Guardian Golem    Hex/Summ       #.......     93%         3    None
 Teleport Other           Tloc           #.......     93%         3    None
 Tukima's Dance           Hex            #.......     93%         3    None
 Iskenderun's Battlesphe  Conj/Chrm      ####....     95%         5    #####..
 Ice Form                 Ice/Tmut       ###.....     98%         4    ###....
 Blade Hands              Tmut           ###.......   99%         5    #####..
 Bolt of Magma            Conj/Fire/Erth ###.......   99%         5    #####..
 Airstrike                Air            #.........   100%        4    ###....
 Cause Fear               Hex            #.........   100%        4    ###....
 Force Lance              Conj/Tloc      #.......     100%        4    ###....
 Fulminant Prism          Conj/Hex       #.........   100%        4    ###....
 Iskenderun's Mystic Bla  Conj           #.......     100%        4    ###....
 Sticky Flame             Conj/Fire      #.......     100%        4    ###....
 Summon Ice Beast         Ice/Summ       #.......     100%        4    ###....
 Summon Lightning Spire   Summ/Air       #.......     100%        4    ###....
 Throw Icicle             Conj/Ice       #.......     100%        4    ###....
 Alistair's Intoxication  Tmut/Pois      ###.....     100%        5    #####..
 Bolt of Draining         Conj/Necr      ###.......   100%        5    #####..
 Fireball                 Conj/Fire      #.........   100%        5    #####..
 Lightning Bolt           Conj/Air       #.........   100%        5    #####..
 Metabolic Englaciation   Hex/Ice        #.........   100%        5    #####..
 Silence                  Hex/Air        #.........   100%        5    #####..
 Venom Bolt               Conj/Pois      #.........   100%        5    #####..
 Yara's Violent Unravell  Hex/Tmut       ###.......   100%        5    #####..
 Bolt of Cold             Conj/Ice       #.........   100%        6    ######.
 Conjure Ball Lightning   Conj/Air       #.........   100%        6    ######.
 Death Channel            Necr           ####......   100%        6    ######.
 Deflect Missiles         Chrm/Air       ####......   100%        6    ######.
 Dispersal                Tloc           #.........   100%        6    ######.
 Freezing Cloud           Conj/Ice/Air   #.........   100%        6    ######.
 Invisibility             Hex            #.......     100%        6    ######.
 Iron Shot                Conj/Erth      ####......   100%        6    ######.
 Ozocubu's Refrigeration  Ice            #.........   100%        6    ######.
 Poison Arrow             Conj/Pois      #.........   100%        6    ######.
 Simulacrum               Ice/Necr       ###.......   100%        6    ######.
 Statue Form              Tmut/Erth      ####.....    100%        6    ######.
 Malign Gateway           Summ/Tloc      #.........   100%        7    #######
 Monstrous Menagerie      Summ           #.........   100%        7    #######
 Orb of Destruction       Conj           #.........   100%        7    #######
 Ring of Flames           Chrm/Fire      ####......   100%        7    #######
 Spellforged Servitor     Conj/Summ      #.........   100%        7    #######
 Summon Greater Demon     Summ           #.........   100%        7    #######
 Chain Lightning          Conj/Air       #.........   100%        8    #######
 Controlled Blink         Tloc           N/A          100%        8    #######
 Discord                  Hex            #.........   100%        8    #######
 Disjunction              Tloc           #.........   100%        8    #######
 Ignition                 Fire           #.........   100%        8    #######
 Lehudib's Crystal Spear  Conj/Erth      ####......   100%        8    #######
 Summon Horrible Things   Summ           #.........   100%        8    #######
 Fire Storm               Conj/Fire      #.........   100%        9    #######
 Glaciate                 Conj/Ice       #.........   100%        9    #######
 Shatter                  Erth           #####.....   100%        9    #######
 Tornado                  Air            #.........   100%        9    #######
 Passage of Golubria      Tloc           Unusable     N/A         4    N/A

Dungeon Overview and Level Annotations

Branches:
Dungeon (15/15)            Temple (0/1) D:7            Lair (6/6) D:9
 Shoals (4/4) Lair:2        Snake (4/4) Lair:2        Slime (0/5) Lair:6
    Orc (2/2) D:10            Elf (3/3) Orc:2        Vaults (5/5) D:14
  Crypt (3/3) Vaults:2       Tomb (0/3) Crypt:3      Depths (5/5) D:15
    Zot (5/5) Depths:5    Ossuary (visited)           IceCv (visited)
Gauntlet (visited)

Altars:
Cheibriados
Elyvilon
Fedhas
Hepliaklqana
Kikubaaqudgha
Makhleb
Nemelex Xobeh
Okawaru
Qazlal
Sif Muna
Uskayaw
Vehumet
Wu Jian
Xom
Beogh

Shops:
D:4 [   D:5 %*}   D:7 *   D:8 *   D:11 }*[!(   Orc:1 =   Orc:2 *(?}
Elf:3 %}?:   Shoals:3 ?   Snake:1 %[=(   Vaults:2 !

Portals:
Hell: Depths:1 Depths:2 Depths:3 Depths:4 Depths:5
Abyss: Depths:3 Depths:4 Depths:5
Pandemonium: Depths:1 Depths:3
Ziggurat: Depths:2

Annotations:
D:2 exclusion: downstairs
D:3 exclusion: downstairs
D:11 exclusion: 2 downstairs


Innate Abilities, Weirdness & Mutations

You have large cloven feet.
You are partially covered in yellow scales. (AC +2)
You have supernaturally acute eyesight. (SInv)
Your mind is acute. (Int +2)
You are covered in fur. (AC +1)


Message History

You finish merging with the rock.
There is an escape hatch in the floor here.
Casting: Passwall (safe; 7% risk of failure)
Confirm with . or Enter, or press ? or * to list all spells.
Aiming: Passwall (safe; 7% risk of failure)
Press: ? - help, Dir - move target cursor A rock wall.
This square is covered in magical glow.
You begin to meditate on the wall.
You continue meditating on the rock. x2
You finish merging with the rock.
There is a large open door here.
Your song is almost over.
There is a large open door here.
There is an open door here.
There is a staircase leading out of the dungeon here.
You can't go down here!
Unknown command.
Unknown command.
You can't go down here!
You have escaped!

.......#.####### #.# #.#
..#..###......8# #.# #.# ####
......##....≈≈≈##### #.# ##...
.####.##.#.#####.# ##.###.>.. ##
#.##)#.'...'.## ###..##..... #
#.##.#.'...'..# #....##.....
#####.##.#.#...##'####.##.##.....
.........#.#####..##.............
#####....#.PPP##@.##...##.##.....
###...###..⌠P######.####.##.....
##....## #.PPP#####).# #.##.....
...##.# ######.....## #.##.....
#####.####(......#### #.##.#...
#####..........### #.##.####
...............# #.#..#
#####..........# #.#.##
##....###### #...#


There were no monsters in sight!

Vanquished Creatures
  A pandemonium lord (D:3)
  Mara (Depths:3)
  5 orbs of fire
  Mennas (Crypt:2)
  5 ancient liches
  Sojobo (Crypt:2)
  Frederick (Depths:5)
  7 Killer Klowns
  Saint Roka (Depths:2)
  3 curse toes
  A caustic shrike (Depths:3)
  15 golden dragons
  A profane servitor (Crypt:3)
  3 bone dragons
  4 electric golems
  Jorgrun (D:13)
  26 Orb Guardians
  4 liches
  23 tentacled monstrosities
  Rupert (D:12)
  3 titans
  2 Ice Fiends
  4 quicksilver dragons
  2 deep elf master archers (Elf:3)
  3 deep elf blademasters (Elf:3)
  Asterion (Elf:1)
  5 ancient champions
  13 death cobs
  7 sphinxes
  13 storm dragons
  2 krakens
  The ghost of Kimchi the Tortoise, an adept DEFE of Vehumet (Vaults:3)
  7 shadow dragons
  Donald (Elf:3)
  9 tengu reavers
  4 draconian monks
  A blood saint (Zot:4)
  The ghost of Giawk the Demonic Aeon, an adept DsIE of Cheibriados (Elf:1)
  11 fire giants
  4 revenants
  11 frost giants
  3 iron dragons
  23 nagarajas
  11 deep elf sorcerers
  12 vault wardens
  5 draconian scorchers
  3 curse skulls
  2 ghost moths
  A balrug (Zot:4)
  8 draconian knights
  Louise (Elf:1)
  8 deep elf elementalists
  The ghost of Bodu the Basher, a journeyman NaFi of Ashenzari (Lair:5)
  Aizul (Elf:2)
  11 ghouls
  3 orc warlords
  12 ironheart preservers
  2 war gargoyles
  6 draconian shifters
  3 draconian annihilators
  A stone giant (shapeshifter) (D:12)
  17 very ugly things
  A reaper (D:11)
  2 entropy weavers
  6 vampire knights
  3 deep elf demonologists
  19 stone giants
  8 black draconians
  12 deep elf annihilators
  11 red draconians
  A lorocyproca (Depths:3)
  7 green draconians
  A dire elephant (D:15)
  11 white draconians
  12 purple draconians
  Azrael (D:14)
  A minotaur (Gauntlet)
  6 spark wasps
  12 yellow draconians
  The ghost of Flugkiller the Nimble, a journeyman OpVM of Fedhas (Lair:5)
  A blizzard demon (Zot:4)
  15 ettins
  7 eidola
  6 merfolk impalers
  7 deep elf death magi
  5 merfolk javelineers
  14 jiangshi
  2 spectral golden dragons (Vaults:3)
  9 deep elf high priests
  5 fire dragons
  Josephine (Lair:4)
  9 great orbs of eyes
  Snorg (Lair:6)
  15 yaktaur captains
  4 rakshasas
  An ice dragon (shapeshifter) (Vaults:4)
  A monstrous demonspawn (Depths:3)
  28 naga warriors
  8 hydras
  7 anacondas
  34 vault guards
  4 spriggan air magi
  17 ice dragons
  2 hell beasts
  2 merfolk avatars
  13 ogre magi
  6 merfolk aquamancers
  A spectral stone giant (Vaults:3)
  A spectral fire giant (Vaults:3)
  11 centaur warriors
  6 tengu warriors
  33 dancing weapons
  7 death knights
  8 deep troll earth magi
  28 two-headed ogres
  3 deep troll shamans
  3 hell hogs (Depths:5)
  3 vampire magi
  A spectral frost giant (Vaults:3)
  A satyr (Shoals:3)
  Urug (Orc:1)
  18 naga sharpshooters
  A queen ant (shapeshifter) (Depths:3)
  11 death yaks
  A titan zombie (Crypt:3)
  3 shock serpents
  A titan skeleton (Crypt:1)
  4 spriggan berserkers
  9 large abominations
  7 orc high priests
  Sonja (Lair:4)
  32 deep elf knights
  6 hell knights
  A spectral yaktaur (Vaults:3)
  8 salamander mystics
  A storm dragon skeleton (Crypt:2)
  An unseen horror (Vaults:1)
  A spectral anaconda (Depths:4)
  2 sixfirhies
  40 skeletal warriors
  15 sea snakes
  A golden dragon zombie (Crypt:2)
  5 shadow wraiths
  An unseen horror (shapeshifter) (Vaults:5)
  3 torturous demonspawn
  3 spectral hydras (Depths:4)
  9 glowing orange brains
  13 flayed ghosts
  2 anaconda zombies (Crypt:2)
  30 deep trolls
  8 wizards
  22 deep elf archers
  14 phantasmal warriors
  18 ironbrand convokers
  19 orc knights
  An orb spider (shapeshifter) (Depths:2)
  A lindwurm (shapeshifter) (Vaults:5)
  28 harpies
  2 mana vipers (shapeshifter)
  8 naga ritualists
  2 orange crystal statues (Depths:4)
  8 necromancers
  A wolf spider zombie (D:13)
  61 ugly things
  3 oklob plants
  Pikel (D:4)
  69 deep elf magi
  10 mana vipers
  A shining eye (shapeshifter) (Depths:3)
  A manticore (shapeshifter) (Vaults:5)
  4 orc sorcerers
  10 cyclopes
  12 fauns
  A salamander (shapeshifter) (Vaults:2)
  3 wolf spiders
  A spectral fire dragon (Crypt:3)
  4 merfolk sirens
  18 salamanders
  20 moths of wrath
  5 elephants
  A cyclops (shapeshifter) (Vaults:5)
  6 guardian serpents
  28 black mambas
  A frost giant skeleton (Crypt:2)
  A guardian serpent (shapeshifter) (Vaults:4)
  A black mamba (shapeshifter) (Vaults:1)
  6 ice statues
  12 manticores
  29 naga magi
  17 vault sentinels
  7 water nymphs
  A molten gargoyle (Depths:2)
  An apocalypse crab (Gauntlet)
  3 smoke demons
  9 spiny frogs
  A torpor snail (shapeshifter) (Elf:3)
  5 centaur skeletons
  3 minotaur zombies (Gauntlet)
  A white draconian zombie (Crypt:1)
  A rime drake (Lair:6)
  An alligator snapping turtle skeleton (Crypt:1)
  2 kobold demonologists (D:14)
  8 ice devils (IceCv)
  10 freezing wraiths
  A hellion (Depths:2)
  62 yaktaurs
  A komodo dragon (shapeshifter) (Elf:2)
  3 red devils
  7 komodo dragons
  7 trolls
  2 spectral merfolk (Depths:4)
  A white draconian skeleton (Crypt:1)
  3 small abominations
  28 merfolk
  A queen bee (shapeshifter) (Depths:1)
  6 hellwings
  9 hornets
  4 tengu conjurers
  A tyrant leech (shapeshifter) (Vaults:3)
  A wind drake (shapeshifter) (Depths:2)
  A polar bear (shapeshifter) (Depths:1)
  3 meliai (Gauntlet)
  A meliai (shapeshifter) (Depths:1)
  3 polar bears
  4 wind drakes
  4 bog bodies
  7 blink frogs
  A raiju (Depths:4)
  32 slime creatures
  A blink frog (shapeshifter) (Depths:1)
  A fire giant simulacrum (Vaults:3)
  10 dream sheep
  8 snapping turtles
  A redback (Vaults:3)
  A guardian serpent skeleton (Crypt:1)
  13 hippogriffs
  52 flying skulls
  3 vampires (Depths:4)
  Sigmund (D:3)
  A black mamba zombie (Crypt:2)
  18 water elementals
  5 wyverns
  A redback (shapeshifter) (Elf:3)
  6 shadows
  2 air elementals
  13 spriggans
  A yak (shapeshifter) (Depths:3)
  25 wraiths
  6 hogs (Elf:1)
  3 spectral humans (Vaults:3)
  A ynoxinul (Elf:1)
  5 basilisks
  31 yaks
  7 fire elementals
  26 humans
  2 hungry ghosts
  A neqoxec (D:3)
  A chaos spawn (Depths:3)
  88 nagas
  Edmund (D:6)
  3 harpy simulacra (IceCv)
  A soldier ant (D:13)
  A soldier ant (shapeshifter) (Elf:1)
  13 wargs
  A spectral snapping turtle (Crypt:3)
  11 water moccasins
  5 acid dragons
  A floating eye (shapeshifter) (Vaults:5)
  6 hell hounds
  3 hydra simulacra (IceCv)
  2 iron troll simulacra (IceCv)
  3 spectral trolls (Depths:4)
  An ogre skeleton (Vaults:1)
  9 porcupines
  A torturous demonspawn skeleton (Crypt:2)
  A floating eye (Depths:4)
  4 spectral spriggans (Depths:4)
  An eye of draining (D:13)
  5 sky beasts
  A slave (D:4)
  7 black bears
  A hornet zombie (D:13)
  8 ice beasts
  4 phantoms
  2 snapping turtle zombies (Depths:4)
  9 boggarts
  40 ogres
  6 necrophages
  2 ettin simulacra (IceCv)
  30 wolves
  60 orc warriors
  A blink frog skeleton (Crypt:1)
  3 snapping turtle skeletons (Crypt:2)
  32 centaurs
  A crocodile (shapeshifter) (Depths:1)
  20 crocodiles
  A human skeleton (Vaults:1)
  6 big kobolds
  2 hog skeletons (Crypt:1)
  10 bullfrogs
  A cyclops zombie (Crypt:2)
  3 earth elementals
  A manticore simulacrum (Crypt:3)
  2 scorpions (D:5)
  2 spectral nagas (Depths:4)
  10 killer bees (D:12)
  4 spectral ogres (Depths:4)
  A human simulacrum (Vaults:2)
  11 wights
  An elf simulacrum (Vaults:3)
  6 electric eels
  8 howler monkeys
  A spectral centaur (Depths:4)
  11 crimson imps
  4 hounds
  5 jellies
  4 centaur zombies
  Crazy Yiuf (D:6)
  42 orc priests
  2 human zombies
  Ijyb (D:4)
  20 orc wizards
  5 iguanas
  10 worker ants
  A killer bee zombie (Crypt:2)
  4 big kobold zombies (Ossuary)
  A tengu skeleton (Crypt:1)
  A hound skeleton (D:5)
  2 mummies (Ossuary)
  A howler monkey zombie (D:6)
  A worker ant zombie (D:5)
  10 adders
  A howler monkey skeleton (D:5)
  3 shadow imps
  2 oozes
  A halfling zombie (Crypt:1)
  An adder zombie (Ossuary)
  6 worms
  A dart slug (D:3)
  11 leopard geckos
  103 orcs
  3 ball pythons
  7 bats
  5 giant cockroaches
  8 hobgoblins
  25 kobolds
  3 quokkas
  5 frilled lizards
  A giant cockroach zombie (D:5)
  8 goblins
  A goblin zombie (Ossuary)
  5 hobgoblin zombies (Ossuary)
  3 jackal zombies
  12 kobold zombies (Ossuary)
  A leopard gecko zombie (D:7)
  8 orc zombies (Ossuary)
  3 quokka skeletons
  10 rats
  2 rat zombies (Ossuary)
  A river rat skeleton (Crypt:1)
  4 crawling corpses
  10 fungi
  4 plants
  4 tentacles (Shoals:3)
2816 creatures vanquished.

Vanquished Creatures (others)
  A lich (Vaults:5)
  A shadow dragon (Vaults:5)
  Kirke (Elf:1)
  A vault warden (Vaults:5)
  An ironheart preserver (Vaults:1)
  A spark wasp (Depths:3)
  An ettin (Vaults:5)
  5 yaktaur captains
  A satyr (Shoals:4)
  A naga sharpshooter (Snake:4)
  A spectral anaconda (Depths:4)
  A wizard (D:14)
  A deep elf archer (Vaults:2)
  A moth of wrath (Zot:1)
  5 cyclopes
  2 fauns
  11 yaktaurs
  3 merfolk
  A spriggan (Lair:6)
  A shadow (Depths:4)
  A centaur (D:14)
  A boggart (Vaults:2)
  A wight (Depths:4)
  An adder (D:4)
  A quokka (D:4)
  A crawling corpse (Elf:3)
  12 fungi
  A plant (Lair:6)
  6 tentacles
66 creatures vanquished.

Grand Total: 2882 creatures vanquished

Notes
Turn   | Place    | Note
-------+----------+-------------------------------------------
     0 | D:1      | koomeeoh the Hill Orc Fighter began the quest for the Orb.
     0 | D:1      | Reached XP level 1. HP: 19/19 MP: 1/1
   167 | D:1      | Reached XP level 2. HP: 22/27 MP: 2/2
   463 | D:1      | Reached skill level 4 in Fighting
   782 | D:2      | Reached XP level 3. HP: 32/33 MP: 3/3
  1103 | D:2      | Reached XP level 4. HP: 40/40 MP: 4/4
  1494 | D:2      | Noticed a +0 hand axe
  1498 | D:2      | Noticed a +0 hand axe
  1509 | D:2      | Found a hide-covered altar of Uskayaw.
  1540 | D:2      | Became a worshipper of Uskayaw the Reveler
  1670 | D:2      | Reached * piety under Uskayaw
  1813 | D:2      | Reached ** piety under Uskayaw
  1830 | D:3      | Noticed Sigmund
  1956 | D:3      | Reached *** piety under Uskayaw
  1982 | D:3      | Found a sparkling altar of Nemelex Xobeh.
  2061 | D:3      | Reached skill level 1 in Invocations
  2083 | D:3      | Killed Sigmund
  2083 | D:3      | Reached skill level 5 in Axes
  2083 | D:3      | Reached XP level 5. HP: 36/47 MP: 0/6
  2083 | D:3      | Reached XP level 6. HP: 41/53 MP: 0/7
  2411 | D:3      | Reached skill level 1 in Throwing
  2559 | D:3      | Reached **** piety under Uskayaw
  2607 | D:3      | Found a shimmering altar of Xom.
  2980 | D:4      | Noticed Ijyb
  3279 | D:4      | Killed Ijyb
  3279 | D:4      | Reached XP level 7. HP: 59/60 MP: 9/9
  3746 | D:4      | Noticed Pikel
  3781 | D:4      | Killed Pikel
  3781 | D:4      | Reached skill level 5 in Fighting
  3781 | D:4      | Reached skill level 5 in Armour
  3781 | D:4      | Reached skill level 5 in Shields
  3781 | D:4      | Reached XP level 8. HP: 11/68 MP: 10/10
  4169 | D:4      | Found Vegit's Armour Boutique.
  4392 | D:5      | Entered Level 5 of the Dungeon
  4406 | D:5      | Reached ***** piety under Uskayaw
  4415 | D:5      | Reached ****** piety under Uskayaw
  4750 | D:5      | Reached skill level 6 in Fighting
  4766 | D:5      | Reached skill level 1 in Evocations
  4774 | D:5      | Found a blossoming altar of Fedhas.
  4831 | D:5      | Reached XP level 9. HP: 57/75 MP: 11/11
  4953 | D:5      | Found Hebytsav's Gadget Emporium.
  4953 | D:5      | Found Sewkuim's Assorted Antiques.
  4966 | D:5      | Bought a glowing shield for 210 gold pieces
  4995 | D:5      | Found Zery's Food Shoppe.
  5169 | D:5      | Gained mutation: Your spells are a little harder to cast,
                  | but a little more powerful. [potion of mutation]
  5169 | D:5      | Gained mutation: Your mind is acute. (Int +2) [potion of
                  | mutation]
  5169 | D:5      | Gained mutation: Scrolls take you a little longer to read.
                  | [potion of mutation]
  5169 | D:5      | Gained mutation: You have a pair of small horns on your
                  | head. [potion of mutation]
  5170 | D:5      | Lost mutation: Your spells are a little harder to cast, but
                  | a little more powerful. [potion of mutation]
  5170 | D:5      | Lost mutation: Your mind is acute. (Int +2) [potion of
                  | mutation]
  5170 | D:5      | Lost mutation: Scrolls take you a little longer to read.
                  | [potion of mutation]
  5170 | D:5      | Lost mutation: You have a pair of small horns on your head.
                  | [potion of mutation]
  5170 | D:5      | Gained mutation: You have an increased reservoir of magic.
                  | (+10% MP) [potion of mutation]
  5170 | D:5      | Gained mutation: You expend magic power (3 MP) to
                  | strengthen your wands. [potion of mutation]
  5170 | D:5      | Gained mutation: You have sharp fingernails. [potion of
                  | mutation]
  5591 | D:6      | Noticed Edmund
  5617 | D:6      | Killed Edmund
  5819 | D:6      | Reached skill level 10 in Axes
  6166 | D:6      | Reached XP level 10. HP: 72/84 MP: 14/14
  6354 | D:6      | Found a runed translucent door.
  6355 | D:6      | Noticed Crazy Yiuf
  6366 | D:6      | Killed Crazy Yiuf
  6373 | D:6      | Got a pitted mace
  6374 | D:6      | Identified the +2 mace "Xitikkorgh" {venom, +Rage +Inv
                  | Str+5} (You found it on level 6 of the Dungeon)
  6548 | D:7      | Found an ancient bone altar of Kikubaaqudgha.
  6632 | D:7      | Found a sand-covered staircase.
  6641 | Ossuary  | Entered an ossuary
  6762 | Ossuary  | Reached skill level 7 in Fighting
  6785 | Ossuary  | Lost mutation: You expend magic power (3 MP) to strengthen
                  | your wands. [potion of mutation]
  6785 | Ossuary  | Lost mutation: You have an increased reservoir of magic.
                  | (+10% MP) [potion of mutation]
  6785 | Ossuary  | Lost mutation: You have sharp fingernails. [potion of
                  | mutation]
  6785 | Ossuary  | Gained mutation: You are partially covered in slimy green
                  | scales. (AC +2) [potion of mutation]
  6785 | Ossuary  | Gained mutation: Your spells are a little harder to cast,
                  | but a little more powerful. [potion of mutation]
  6786 | Ossuary  | Lost mutation: Your spells are a little harder to cast, but
                  | a little more powerful. [potion of mutation]
  6786 | Ossuary  | Lost mutation: You are partially covered in slimy green
                  | scales. (AC +2) [potion of mutation]
  6786 | Ossuary  | Gained mutation: Your spells are a little harder to cast,
                  | but a little more powerful. [potion of mutation]
  6786 | Ossuary  | Gained mutation: You have sharp fingernails. [potion of
                  | mutation]
  6891 | D:7      | Found a hazy altar of Hepliaklqana.
  7092 | D:7      | Found Boiluilo's Lightly-Used Armoury.
  7107 | D:7      | Found a staircase to the Ecumenical Temple.
  7224 | D:7      | Found a stormy altar of Qazlal.
  7299 | D:7      | Found an iron altar of Okawaru.
  7376 | D:8      | Found Lecvoalute's Assorted Antiques.
  7671 | D:8      | Found a burning altar of Makhleb.
  8114 | D:9      | Found an ornate altar of the Wu Jian Council.
  8155 | D:9      | Reached skill level 5 in Evocations
  8274 | D:9      | Found a staircase to the Lair.
  8276 | D:9      | Noticed an elephant
  8293 | D:9      | Killed an elephant
  8293 | D:9      | Reached XP level 11. HP: 87/94 MP: 13/15
  8312 | D:9      | Found a shimmering blue altar of Sif Muna.
  8962 | D:10     | Entered Level 10 of the Dungeon
  8967 | D:10     | Found a staircase to the Orcish Mines.
  9016 | D:10     | Found a shimmering altar of Xom.
  9030 | D:10     | Noticed a two-headed ogre
  9038 | D:10     | Killed a two-headed ogre
  9038 | D:10     | Reached skill level 8 in Fighting
  9760 | D:11     | Found Romnatal's Armour Emporium.
  9762 | D:11     | Noticed a cyclops
  9783 | D:11     | Killed a cyclops
 10052 | D:11     | Found Xova's Distillery.
 10179 | D:11     | Paralysed by a hornet for 1 turns
 10395 | D:11     | Noticed a red ugly thing
 10405 | D:11     | Killed a red ugly thing
 10405 | D:11     | Reached skill level 5 in Invocations
 10693 | D:11     | Found Vibbyloe's Assorted Antiques.
 10696 | D:11     | Bought a fine glass ring for 145 gold pieces
 10697 | D:11     | Identified the ring of Vueppym {rC+ rN+ EV+5} (You bought
                  | it in a shop on level 11 of the Dungeon)
 10817 | D:11     | Found Vocek's Gadget Emporium.
 10870 | D:11     | Reached skill level 5 in Throwing
 10997 | D:11     | Found Qopnescha's Antique Weapon Shoppe.
 11002 | D:11     | Bought a broad axe for 92 gold pieces
 11113 | D:12     | Noticed Rupert
 11128 | D:12     | Killed Rupert
 11128 | D:12     | Reached XP level 12. HP: 99/103 MP: 16/16
 11234 | D:12     | Noticed a fire dragon
 11236 | D:12     | Noticed a sphinx
 11237 | D:12     | Noticed a yaktaur captain
 11238 | D:12     | Noticed a storm dragon
 11563 | D:12     | Reached skill level 9 in Fighting
 11914 | D:12     | Noticed a catoblepas
 11930 | D:12     | Noticed a sphinx
 11933 | D:12     | Noticed a quicksilver dragon
 11933 | D:12     | a sphinx changed into a quicksilver dragon
 11936 | D:12     | Noticed a dire elephant
 11936 | D:12     | a quicksilver dragon changed into a dire elephant
 11937 | D:12     | Noticed an iron troll
 11937 | D:12     | a dire elephant changed into an iron troll
 11939 | D:12     | Noticed an azure jelly
 11939 | D:12     | an iron troll changed into an azure jelly
 11948 | D:12     | Noticed a death yak
 11948 | D:12     | an azure jelly changed into a death yak
 11953 | D:12     | Noticed an azure jelly
 11953 | D:12     | a death yak changed into an azure jelly
 11963 | D:12     | Noticed a minotaur
 11963 | D:12     | an azure jelly changed into a minotaur
 11965 | D:12     | Noticed a dire elephant
 11965 | D:12     | a minotaur changed into a dire elephant
 11966 | D:12     | Noticed an azure jelly
 11966 | D:12     | a dire elephant changed into an azure jelly
 11974 | D:12     | Noticed a dire elephant
 11974 | D:12     | an azure jelly changed into a dire elephant
 11978 | D:12     | Noticed a frost giant
 11978 | D:12     | a dire elephant changed into a frost giant
 11984 | D:12     | Noticed a stone giant
 11984 | D:12     | a frost giant changed into a stone giant
 11985 | D:12     | Killed a stone giant
 12371 | D:12     | Found the +8 glaive of the Guard {elec, +Rage AC+5 SInv}
 12381 | D:12     | Killed a yaktaur captain
 12625 | D:12     | Killed a sphinx
 13222 | D:12     | Reached skill level 10 in Shields
 13302 | D:12     | Found a blossoming altar of Fedhas.
 13442 | D:13     | Reached skill level 10 in Armour
 13442 | D:13     | Reached skill level 10 in Invocations
 13442 | D:13     | Reached XP level 13. HP: 110/111 MP: 20/20
 13852 | D:13     | Noticed Jorgrun
 13885 | D:13     | Killed Jorgrun
 14094 | D:13     | Reached skill level 10 in Fighting
 14870 | D:14     | Noticed Azrael
 14884 | D:14     | Killed Azrael
 15305 | D:14     | You are sucked into a shaft and drop 1 floor!
 15305 | D:15     | Entered Level 15 of the Dungeon
 15322 | D:15     | Found a staircase to the Depths.
 15322 | D:15     | Noticed a dire elephant
 15355 | D:14     | Reached XP level 14. HP: 105/122 MP: 22/22
 15875 | D:14     | Reached skill level 11 in Fighting
 16010 | D:14     | Found a gate to the Vaults.
 16966 | D:15     | Killed a dire elephant
 17077 | D:15     | Found a shimmering blue altar of Sif Muna.
 17231 | Lair:1   | Entered Level 1 of the Lair of Beasts
 17411 | Lair:1   | Found a gate leading to a gauntlet.
 17431 | Gauntlet | Entered a Gauntlet
 17431 | Gauntlet | Found a transporter.
 17431 | Gauntlet | Found a transporter.
 17431 | Gauntlet | Found a transporter.
 17441 | Gauntlet | Found a transporter.
 17443 | Gauntlet | Found a large runed translucent door.
 17444 | Gauntlet | Found a large runed translucent door.
 17445 | Gauntlet | Found a large runed translucent door.
 17445 | Gauntlet | Found a large runed translucent door.
 17445 | Gauntlet | Found a runed translucent door.
 17445 | Gauntlet | Found a runed translucent door.
 17446 | Gauntlet | Found a large runed translucent door.
 17447 | Gauntlet | Found a large runed translucent door.
 17448 | Gauntlet | Found a large runed translucent door.
 17448 | Gauntlet | Found a large runed translucent door.
 17449 | Gauntlet | Found a runed translucent gate.
 17449 | Gauntlet | Found a runed translucent gate.
 17449 | Gauntlet | Found a runed translucent gate.
 17451 | Gauntlet | Found a transporter.
 17460 | Gauntlet | Found a large runed translucent door.
 17460 | Gauntlet | Found a large runed translucent door.
 17461 | Gauntlet | Found a large runed translucent door.
 17462 | Gauntlet | Found a large runed translucent door.
 17466 | Gauntlet | Found a transporter.
 17481 | Gauntlet | Found a transporter.
 17491 | Gauntlet | Found a transporter.
 17497 | Gauntlet | Found a transporter.
 17511 | Gauntlet | Found a transporter.
 17517 | Gauntlet | Found a transporter.
 17520 | Gauntlet | Found a transporter.
 17531 | Gauntlet | Found a large runed translucent door.
 17532 | Gauntlet | Found a large runed translucent door.
 17533 | Gauntlet | Found a large runed translucent door.
 17533 | Gauntlet | Found a large runed translucent door.
 17773 | Gauntlet | Lost mutation: Your spells are a little harder to cast, but
                  | a little more powerful. [potion of mutation]
 17773 | Gauntlet | Lost mutation: You have sharp fingernails. [potion of
                  | mutation]
 17773 | Gauntlet | Gained mutation: Scrolls take you a little longer to read.
                  | [potion of mutation]
 17773 | Gauntlet | Gained mutation: You are weak. (Str -2) [potion of
                  | mutation]
 17773 | Gauntlet | Gained mutation: You are agile. (Dex +2) [potion of
                  | mutation]
 17775 | Gauntlet | Got a twitching silver ring
 17778 | Gauntlet | Identified the ring of Mealu {AC+1 Str+4 Stlth+} (You found
                  | it in a Gauntlet)
 17785 | Gauntlet | Identified the +2 chain mail of Circular Logic {+Fly rCorr
                  | Str-3 Dex+8}
 17954 | Lair:1   | Found the +4 dagger "Morg" {pain, MR+ Int+5}
 18293 | Lair:1   | Got a warped flail
 18296 | Lair:1   | Identified the +1 flail of Objectivity {freeze, rElec rN+}
                  | (You found it on level 1 of the Lair of Beasts)
 19047 | Lair:2   | Found a staircase to the Snake Pit.
 19158 | Lair:2   | Found a staircase to the Shoals.
 20553 | D:7      | Bought -1 gold dragon scales for 1125 gold pieces
 21236 | Lair:4   | Noticed Josephine
 21251 | Lair:4   | Killed Josephine
 21258 | Lair:4   | Reached skill level 12 in Fighting
 21261 | Lair:4   | Reached XP level 15. HP: 132/132 MP: 24/24
 21263 | Lair:4   | Reached skill level 15 in Axes
 21408 | Lair:4   | Noticed Sonja
 21493 | Lair:4   | Killed Sonja
 22176 | Lair:5   | Found a runed translucent gate.
 22181 | Lair:5   | Found a runed translucent gate.
 22338 | Lair:5   | You are sucked into a shaft and drop 1 floor!
 22338 | Lair:6   | Entered Level 6 of the Lair of Beasts
 22533 | Lair:5   | Found a white marble altar of Elyvilon.
 22671 | Lair:5   | Found a runed translucent gate.
 22674 | Lair:5   | Noticed Flugkiller's ghost (journeyman OpVM)
 22675 | Lair:5   | Noticed Bodu's ghost (journeyman NaFi)
 22702 | Lair:5   | Lost mutation: You are weak. (Str -2) [potion of mutation]
 22702 | Lair:5   | Lost mutation: You are agile. (Dex +2) [potion of mutation]
 22702 | Lair:5   | Lost mutation: Scrolls take you a little longer to read.
                  | [potion of mutation]
 22702 | Lair:5   | Gained mutation: Scrolls take you a little longer to read.
                  | [potion of mutation]
 22702 | Lair:5   | Gained mutation: You are resistant to hostile enchantments.
                  | (MR+) [potion of mutation]
 22702 | Lair:5   | Gained mutation: You expend magic power (3 MP) to
                  | strengthen your wands. [potion of mutation]
 23117 | Lair:6   | Found a staircase to the Slime Pits.
 23446 | Lair:6   | Noticed Snorg
 23464 | Lair:6   | Killed Snorg
 24589 | Orc:1    | Entered Level 1 of the Orcish Mines
 24589 | Orc:1    | Found Anekim's Jewellery Emporium.
 24594 | Orc:1    | Noticed Urug
 24608 | Orc:1    | Found a roughly hewn altar of Beogh.
 24616 | Orc:1    | Killed Urug
 24815 | Orc:2    | Entered Level 2 of the Orcish Mines
 24869 | Orc:2    | Noticed an orc warlord
 24883 | Orc:2    | Killed an orc warlord
 24883 | Orc:2    | Reached XP level 16. HP: 141/141 MP: 26/26
 24952 | Orc:2    | Reached skill level 13 in Fighting
 25237 | Orc:2    | Found a staircase to the Elven Halls.
 25537 | Orc:2    | Found Monesuqoi's General Store.
 25540 | Orc:2    | Found Zulovi's Magic Scroll Boutique.
 25541 | Orc:2    | Found Qiur's Gadget Shop.
 25542 | Orc:2    | Found Xiotawku's Antique Weapon Shop.
 25694 | Orc:2    | Bought a scroll of enchant armour for 105 gold pieces
 25853 | Snake:1  | Entered Level 1 of the Snake Pit
 26252 | Snake:1  | Found Tufogg's Weapon Boutique.
 26268 | Snake:1  | Found Kizoack's Jewellery Boutique.
 26268 | Snake:1  | Found Wolus's Antique Armour Shop.
 26269 | Snake:1  | You are sucked into a shaft and drop 1 floor!
 26289 | Snake:2  | Noticed a nagaraja
 26305 | Snake:2  | Killed a nagaraja
 27606 | Snake:1  | Found Zofiuzao's Food Shop.
 28121 | Snake:1  | Got a warped amethyst amulet
 28722 | Snake:3  | Identified the amulet of Foolhardiness {rElec MR+ Regen+
                  | Str-3 Dex+2} (You found it on level 1 of the Snake Pit)
 28748 | Snake:3  | Reached XP level 17. HP: 151/151 MP: 27/27
 28786 | Snake:3  | Found a transporter.
 28806 | Snake:3  | Reached skill level 10 in Throwing
 28874 | Snake:3  | Reached skill level 14 in Fighting
 28902 | Snake:3  | Reached skill level 15 in Shields
 29163 | Snake:3  | Identified the ring of Terra Nullius {rPois Str+4 Int+2
                  | Slay-2}
 29276 | Snake:3  | Found a radiant altar of Vehumet.
 29464 | Snake:3  | Found a transporter.
 29542 | Snake:4  | Entered Level 4 of the Snake Pit
 29613 | Snake:4  | Reached skill level 15 in Fighting
 29964 | Snake:4  | Reached XP level 18. HP: 163/163 MP: 28/28
 30403 | Snake:4  | Reached skill level 16 in Fighting
 30463 | Snake:4  | Reached skill level 15 in Armour
 30762 | Snake:4  | Reached skill level 17 in Fighting
 31086 | Snake:4  | Got a serpentine rune of Zot
 31266 | Shoals:1 | Entered Level 1 of the Shoals
 31596 | Shoals:1 | Found a flickering gateway to a bazaar.
 31661 | Bazaar   | Entered a bazaar
 31661 | Bazaar   | Found Lunn's Armour Shoppe.
 31661 | Bazaar   | Found Hegreluz's Food Shoppe.
 31666 | Bazaar   | Found Wihaumust's Antique Weapon Shoppe.
 31683 | Bazaar   | Found Ataturuc's Book Emporium.
 31720 | Bazaar   | Found Ochabam's Assorted Antiques.
 31745 | Bazaar   | Bought the +3 crown of Dyrovepreva {rElec Int+2 SInv} for
                  | 745 gold pieces
 31745 | Bazaar   | Found the +3 crown of Dyrovepreva {rElec Int+2 SInv}
 31824 | Shoals:1 | Identified the cursed +2 trident of the Blowfly {venom,
                  | rPois rN+ Str-2} (You found it on level 1 of the Shoals)
 31848 | Shoals:1 | Identified a scroll of acquirement
 32237 | Shoals:2 | Reached XP level 19. HP: 177/177 MP: 29/29
 32503 | Shoals:2 | Found a snail-covered altar of Cheibriados.
 32696 | Shoals:2 | Reached skill level 18 in Fighting
 33506 | Shoals:3 | Found Otwaseq's Magic Scroll Boutique.
 33519 | Shoals:3 | Bought a scroll of enchant armour for 112 gold pieces
 33519 | Shoals:3 | Bought a scroll of enchant armour for 112 gold pieces
 33519 | Shoals:3 | Bought a scroll of fear for 52 gold pieces
 33519 | Shoals:3 | Bought a scroll of enchant armour for 112 gold pieces
 34073 | Shoals:4 | Entered Level 4 of the Shoals
 34121 | Shoals:4 | Found a frozen archway.
 34130 | IceCv    | Entered an ice cave
 34461 | IceCv    | Noticed an Ice Fiend
 34474 | IceCv    | Killed an Ice Fiend
 34489 | IceCv    | Identified the +2 scythe "Giaj Jis" {pain, *Contam rPois
                  | Str+2} (You found it in an ice cave)
 35116 | Shoals:4 | Reached skill level 19 in Fighting
 35152 | Shoals:4 | Got a barnacled rune of Zot
 36134 | Vaults:1 | Entered Level 1 of the Vaults
 36263 | Vaults:1 | Reached XP level 20. HP: 191/191 MP: 30/30
 36652 | Vaults:1 | Reached skill level 20 in Fighting
 37633 | Vaults:2 | Reached skill level 21 in Fighting
 38019 | Vaults:2 | Reached XP level 21. HP: 205/205 MP: 31/31
 38175 | Vaults:2 | Reached skill level 22 in Fighting
 38573 | Vaults:2 | Found Mosimaeb's Distillery.
 38578 | Vaults:2 | Bought a potion of mutation for 88 gold pieces
 38578 | Vaults:2 | Lost mutation: You are resistant to hostile enchantments.
                  | (MR+) [potion of mutation]
 38578 | Vaults:2 | Lost mutation: Scrolls take you a little longer to read.
                  | [potion of mutation]
 38578 | Vaults:2 | Gained mutation: Your muscles are strong. (Str +2) [potion
                  | of mutation]
 38578 | Vaults:2 | Gained mutation: Armour fits poorly on your strangely
                  | shaped body. [potion of mutation]
 38578 | Vaults:2 | Gained mutation: Your natural rate of healing is unusually
                  | fast. [potion of mutation]
 38634 | Vaults:2 | Noticed a bone dragon
 38636 | Vaults:2 | Found a staircase to the Crypt.
 38647 | Vaults:2 | Killed a bone dragon
 39092 | Vaults:3 | Found a runed translucent gate.
 39092 | Vaults:3 | Found a runed translucent gate.
 39094 | Vaults:3 | Found a runed translucent gate.
 39302 | Vaults:3 | Reached skill level 23 in Fighting
 39798 | Vaults:3 | Noticed Kimchi's ghost (adept DEFE)
 39970 | Vaults:3 | Reached XP level 22. HP: 197/222 MP: 32/32
 39986 | Vaults:3 | Killed Kimchi's ghost
 40005 | Vaults:3 | Identified the cursed +0 helmet "Xufiffie" {Regen+} (You
                  | found it on level 3 of the Vaults)
 40080 | Vaults:3 | Paralysed by a Zot trap for 3 turns
 40204 | Vaults:4 | Paralysed by an ogre mage for 5 turns
 40210 | Vaults:4 | Reached skill level 24 in Fighting
 41131 | Vaults:5 | Entered Level 5 of the Vaults
 41150 | Vaults:5 | Noticed a golden dragon
 41509 | Vaults:4 | Killed a golden dragon
 41510 | Vaults:4 | Reached skill level 25 in Fighting
 41662 | Vaults:4 | Reached XP level 23. HP: 220/234 MP: 33/33
 41807 | Vaults:5 | Reached skill level 26 in Fighting
 41941 | Vaults:5 | Paralysed by a sphinx for 4 turns
 42317 | Vaults:5 | Identified the +9 flail of Destruction {vamp, rPois}
 42803 | Vaults:5 | Got a silver rune of Zot
 42962 | Vaults:5 | Reached XP level 24. HP: 247/247 MP: 33/33
 43012 | Vaults:5 | Identified the Grimoire of Unholy Rites
 43367 | Snake:1  | Bought the amulet "Dohysod" {Harm *Drain rPois rF+ MR++
                  | Str-2 Int+4} for 912 gold pieces
 43483 | Elf:1    | Entered Level 1 of the Elven Halls
 43567 | Elf:1    | Noticed Louise
 43588 | Elf:1    | Killed Louise
 43716 | Elf:1    | Noticed Asterion
 43726 | Elf:1    | Killed Asterion
 44166 | Elf:1    | Found a runed translucent gate.
 44166 | Elf:1    | Found a runed translucent gate.
 44166 | Elf:1    | Found a runed translucent gate.
 44270 | Elf:1    | Identified the ring "Utozutoym" {Wiz Str+4}
 44287 | Elf:1    | Noticed Giawk's ghost (adept DsIE)
 44330 | Elf:1    | Noticed Kirke
 44345 | Elf:1    | Killed Kirke
 44345 | Elf:1    | Reached skill level 27 in Fighting
 44351 | Elf:1    | Gained mutation: Your magical capacity is low. (-10% MP)
                  | [the power of Zot]
 44351 | Elf:1    | Lost mutation: Your muscles are strong. (Str +2) [the power
                  | of Zot]
 44370 | Elf:1    | Killed Giawk's ghost
 44378 | Elf:1    | Reached XP level 25. HP: 245/252 MP: 30/30
 44413 | Elf:1    | Identified the cursed -6 cloak of Purrets {rPois Dex+2}
                  | (You found it on level 1 of the Elven Halls)
 44638 | Elf:1    | Identified Edyl's Handbook of Damage Dealing
 45225 | Elf:2    | Found a runed translucent gate.
 45225 | Elf:2    | Found a runed translucent gate.
 45226 | Elf:2    | Found a runed translucent gate.
 45454 | Elf:2    | Noticed Aizul
 45474 | Elf:2    | Reached skill level 1 in Unarmed Combat
 45527 | Elf:2    | Reached skill level 1 in Spellcasting
 45693 | Elf:2    | Learned a level 2 spell: Song of Slaying
 45717 | Elf:2    | Killed Aizul
 45774 | Elf:3    | Entered Level 3 of the Elven Halls
 45786 | Elf:3    | Found Pitzigot's Magic Scroll Boutique.
 45811 | Elf:3    | Found Vasounwi's Gadget Emporium.
 45855 | Elf:3    | Found Qeheleim's Food Shop.
 45883 | Elf:3    | Noticed Donald
 45891 | Elf:3    | Killed Donald
 45915 | Elf:3    | Reached skill level 1 in Charms
 46122 | Elf:3    | Found Sewug's Book Boutique.
 46834 | Elf:3    | Reached skill level 15 in Throwing
 46974 | Elf:3    | Identified Ybbuzos's Papyrus of Freezing Earth
 47001 | Elf:3    | Identified the Papyrus of Earthen Contamination
 47004 | Elf:3    | Lost mutation: You expend magic power (3 MP) to strengthen
                  | your wands. [potion of mutation]
 47004 | Elf:3    | Lost mutation: Armour fits poorly on your strangely shaped
                  | body. [potion of mutation]
 47004 | Elf:3    | Lost mutation: Your natural rate of healing is unusually
                  | fast. [potion of mutation]
 47004 | Elf:3    | Gained mutation: You tend to lose your temper in combat.
                  | [potion of mutation]
 47004 | Elf:3    | Gained mutation: You are partially covered in yellow
                  | scales. (AC +2) [potion of mutation]
 47004 | Elf:3    | Gained mutation: You have supernaturally acute eyesight.
                  | (SInv) [potion of mutation]
 47046 | Elf:3    | Lost mutation: Your magical capacity is low. (-10% MP)
                  | [potion of mutation]
 47046 | Elf:3    | Lost mutation: You tend to lose your temper in combat.
                  | [potion of mutation]
 47046 | Elf:3    | Gained mutation: You are covered in fur. (AC +1) [potion of
                  | mutation]
 47046 | Elf:3    | Gained mutation: You have large cloven feet. [potion of
                  | mutation]
 47046 | Elf:3    | Gained mutation: Your mind is acute. (Int +2) [potion of
                  | mutation]
 47084 | Elf:3    | Identified The Arcane Secrets of Spellcasting
 47094 | Elf:3    | Identified the Grimoire of Battle Magic and Ice
 47108 | Elf:3    | Identified Ditatun's Papyrus of Dominance
 47365 | Elf:3    | Bought a scroll of enchant weapon for 90 gold pieces
 47365 | Elf:3    | Bought a scroll of enchant weapon for 90 gold pieces
 47553 | Lair:5   | Killed Bodu's ghost
 47555 | Lair:5   | Killed Flugkiller's ghost
 47588 | Lair:5   | Upgraded the game from 0.25-a0-86-ga6f17ae7d4 to
                  | 0.25-a0-87-ga3d287bc14
 47720 | Orc:1    | Bought a +6 ring of slaying for 1869 gold pieces
 47866 | Depths:1 | Entered Level 1 of the Depths
 47870 | Depths:1 | Reached skill level 5 in Charms
 47877 | Depths:1 | Reached XP level 26. HP: 266/266 MP: 32/33
 48006 | Depths:1 | Reached skill level 5 in Spellcasting
 48014 | Depths:1 | You are sucked into a shaft and drop 1 floor!
 48088 | Depths:2 | Found a gateway to a ziggurat.
 48115 | Depths:2 | Noticed Saint Roka
 48138 | Depths:2 | Killed Saint Roka
 48373 | Depths:1 | Found a gateway to Hell.
 48599 | Depths:1 | Found a one-way gate leading to the halls of Pandemonium.
 48852 | Depths:1 | Got a wavering amethyst amulet
 48855 | Depths:1 | Identified the amulet of Xuyt {Gourm Int+3} (You found it
                  | on level 1 of the Depths)
 49010 | Depths:1 | Identified the +1 ring mail of Impermeability {*Contam
                  | rElec Dex-2 Slay+6 SInv} (You found it on level 1 of the
                  | Depths)
 49233 | Depths:2 | Identified Wicreuwi's Volume of Dislocation and the Blaze
 49492 | Depths:2 | Identified the cursed +2 demon blade of Midwinter {pain,
                  | Int+7} (You found it on level 2 of the Depths)
 49558 | Depths:3 | Noticed Mara
 49564 | Depths:3 | Noticed koomeeoh's illusion
 49571 | Depths:3 | Killed Mara
 49721 | Depths:3 | Reached XP level 27. HP: 258/273 MP: 33/34
 50246 | Depths:3 | Found a one-way gate to the infinite horrors of the Abyss.
 51474 | Depths:4 | Reached skill level 10 in Charms
 51559 | Depths:4 | Paralysed by a floating eye for 3 turns
 51590 | Depths:4 | Learned a level 3 spell: Regeneration
 51684 | Depths:4 | Noticed an ancient lich
 51700 | Depths:4 | Killed an ancient lich
 52072 | Depths:5 | Entered Level 5 of the Depths
 52085 | Depths:5 | Noticed Frederick
 52113 | Depths:5 | Killed Frederick
 52135 | Depths:5 | Learned a level 2 spell: Passwall
 52191 | Depths:5 | Reached skill level 1 in Earth Magic
 52200 | Depths:5 | Reached skill level 1 in Transmutations
 52255 | Depths:5 | Found a gate to the Realm of Zot.
 52911 | Vaults:2 | Bought a potion of resistance for 110 gold pieces
 52911 | Vaults:2 | Bought a potion of heal wounds for 55 gold pieces
 52911 | Vaults:2 | Bought a potion of invisibility for 88 gold pieces
 52911 | Vaults:2 | Bought a potion of haste for 110 gold pieces
 52911 | Vaults:2 | Bought a potion of invisibility for 88 gold pieces
 53116 | D:11     | Bought a potion of heal wounds for 55 gold pieces
 53116 | D:11     | Bought a potion of cancellation for 88 gold pieces
 53116 | D:11     | Bought a potion of might for 44 gold pieces
 53116 | D:11     | Bought a potion of heal wounds for 55 gold pieces
 53116 | D:11     | Bought a potion of might for 44 gold pieces
 53214 | D:8      | Bought a potion of heal wounds for 110 gold pieces
 53214 | D:8      | Bought a potion of might for 88 gold pieces
 53513 | Crypt:1  | Entered Level 1 of the Crypt
 54057 | Crypt:1  | Reached skill level 10 in Spellcasting
 54395 | Crypt:1  | Identified a +2 pair of boots of running (You acquired it
                  | on level 1 of the Crypt)
 54428 | Crypt:2  | Noticed Mennas
 54437 | Crypt:2  | Killed Mennas
 54437 | Crypt:2  | Reached skill level 5 in Necromancy
 54984 | Crypt:2  | Noticed Sojobo
 54991 | Crypt:2  | Killed Sojobo
 55003 | Crypt:2  | Reached skill level 5 in Earth Magic
 55192 | Crypt:3  | Entered Level 3 of the Crypt
 55297 | Crypt:3  | Found an ancient bone altar of Kikubaaqudgha.
 55694 | Crypt:3  | Found a staircase to the Tomb.
 55702 | Crypt:3  | Reached skill level 15 in Invocations
 56217 | Crypt:3  | Got a shimmering marble ring
 56753 | Zot:1    | Entered Level 1 of the Realm of Zot
 56937 | Zot:1    | Identified the ring "Zejuamucazy" {rF+ Str+3 Stlth+} (You
                  | found it on level 3 of the Crypt)
 57043 | Zot:1    | Identified the +2 hat of Meycauj {rPois Dex+4} (You
                  | acquired it on level 1 of the Realm of Zot)
 58226 | Zot:3    | Reached skill level 10 in Evocations
 58240 | Zot:3    | Noticed an orb of fire
 58244 | Zot:3    | Killed an orb of fire
 60321 | Zot:5    | Entered Level 5 of the Realm of Zot
 60393 | Zot:5    | Identified the cursed +0 buckler of Jazukloi {rC- Dex+6
                  | SInv} (You found it on level 5 of the Realm of Zot)
 61025 | Zot:5    | Noticed an orb of fire
 61029 | Zot:5    | Killed an orb of fire
 61031 | Zot:5    | Noticed an orb of fire
 61035 | Zot:5    | Killed an orb of fire
 61035 | Zot:5    | Noticed an orb of fire
 61035 | Zot:5    | Noticed an orb of fire
 61035 | Zot:5    | Noticed an ancient lich
 61037 | Zot:5    | Killed an orb of fire
 61040 | Zot:5    | Killed an orb of fire
 61041 | Zot:5    | Killed an ancient lich
 61048 | Zot:5    | Noticed an ancient lich
 61054 | Zot:5    | Noticed an ancient lich
 61056 | Zot:5    | Killed an ancient lich
 61060 | Zot:5    | Killed an ancient lich
 61075 | Zot:5    | Noticed an ancient lich
 61081 | Zot:5    | Killed an ancient lich
 61576 | Zot:5    | Got the Orb of Zot
 61819 | Depths:1 | Noticed Radda the pandemonium lord
 62132 | D:5      | Noticed Inapt the pandemonium lord
 62195 | D:3      | Noticed Adyuf the pandemonium lord
 62216 | D:3      | Killed Adyuf the pandemonium lord
 62284 | D:$      | Escaped with the Orb!

Levels and vault maps discovered:
D:1:      sevenhm_arrival_forest_fort_small_3, layout_rooms
D:2:      layout_basic, dancing_weapons_uskayaw
D:3:      layout_loops_corners, nemelex_xobeh_ov_fountains_minmay,
          overflow_temple_1_default, chequers_serial_rivers_small_a,
          uniq_sigmund
D:4:      layout_loops_cross, serial_shops, kennysheep_mini, first_ration,
          uniq_pikel, uniq_ijyb
D:5:      layout_layer_cave, basic_altar, serial_shops, shop_statue, shop,
          shop_fountains, minmay_starry_boxes
D:6:      layout_rooms, minmay_ruffians, uniq_edmund, uniq_crazy_yiuf_cottage
D:7:      layout_rooms, nicolae_overflow_crystal_walls, kennysheep_mini_moat,
          old_standard_altar, minmay_temple_entry_junction,
          nicolae_ossuary_entry_ruins, grunt_ogre_cave, minmay_door_square,
          minmay_shop_damaged, okawaru_ov_weapons_minmay
D:8:      layout_cave_pools, nicolae_overflow_hidden_temple,
          serial_column_ruins, column_ruins_hut, column_ruins_hut,
          column_ruins_columns_corner, column_ruins_grid_1,
          column_ruins_corridor_straight, column_ruins_grid_1,
          column_ruins_open_small_water, column_ruins_corridor_T, serial_shops,
          nicolae_shop_window_shopping
D:9:      layout_roguey, lemuel_round_altar, old_standard_altar,
          david_lair_generic
D:10:     layout_long_grid, orc_0_dummy, basic_altar
D:11:     layout_roguey, serial_shops, nicolae_shop_waterfront, shop, shop,
          nicolae_shop_stone, nicolae_shop_behind_doors, serial_rivers,
          chequers_serial_rivers_small_3, chequers_serial_rivers_small_b,
          chequers_serial_rivers_room_a, chequers_serial_rivers_small_3
D:12:     minmay_guarded_unrand_guard, layout_irregular_city,
          fedhas_altar_fruit_tree, uniq_rupert
D:13:     layout_basic, uniq_jorgrun
D:14:     layout_basic, grunt_vaults_entry_tiered, minmay_fountain_box,
          chequers_serial_rivers_small_b, uniq_azrael
D:15:     hangedman_depths_entry_try_elsewhere_first, layout_rooms,
          lemuel_blue_sif_altar
Lair:1:   statuecave_lemuel, layout_regular_city, gauntlet_entry_generic,
          gammafunk_lair_bear_cave
Lair:2:   layout_layer_cave, shoals_dummy_entry, guppyfry_snake_entry_island
Lair:3:   dragon1_lemuel, layout_layer_cave
Lair:4:   layout_loops_ring, uniq_sonja, uniq_josephine
Lair:5:   layout_long_grid, gammafunk_ghost_cemetery, basic_altar
Lair:6:   minmay_lair_end_enchanted_forest, layout_regular_city,
          minmay_slime_entry_oklob_enclosed, uniq_snorg
Shoals:1: layout_shoals, serial_shops, bzr_entry_gold
Shoals:2: layout_shoals, lemuel_oklob_altar
Shoals:3: layout_shoals, serial_shops, shop, nicolae_shoals_kraken_intersection
Shoals:4: shoals_end_grunt_ice, layout_shoals,
          portal_ice_cave_entry_pillars_four
Snake:1:  layout_layer_cave, eino_curves_03, grunt_ministairs_2,
          minmay_shoptagon, serial_bayou_shore_a
Snake:2:  layout_chambers
Snake:3:  gammafunk_sealed_library, layout_onion
Snake:4:  grunt_snake_rune_spirals, layout_onion_interference, lemuel_fruit_tree
Orc:1:    layout_caves, serial_shops, nicolae_shop_crystal, basic_altar,
          minmay_shop_enchanted_jewellery, uniq_harold, uniq_urug
Orc:2:    st_orc_pillars, layout_caves
Elf:1:    minmay_elf_arrival_summoners, layout_loops_corners,
          gammafunk_ghost_tricky_traps, special_room [special_room_orc],
          minmay_elf_sorcery, grunt_ministairs_11, uniq_louise, uniq_asterion,
          uniq_kirke
Elf:2:    layout_geoelf_diagonals, uniq_aizul
Elf:3:    minmay_elf_hall_hex, layout_geoelf_octagon, serial_shops, shop, shop,
          nicolae_shop_waterfront, nicolae_shop_behind_doors, hex_intersection,
          minmay_misc_feat_alley, uniq_donald
Vaults:1: nicolae_vaults_diagonal_hallway_8, hangedman_vaults_trim,
          nicolae_vaults_shelves_hall, nicolae_vaults_mini_display_case,
          grunt_vaults_focal, ontoclasm_vaults_gateway, v_misc_1,
          vaults_room_door_ring, ontoclasm_vaults_ligature,
          layout_vaults_quadrants
Vaults:2: hangedman_vaults_variations, grunt_vaults_funnel,
          minmay_crypt_entry_nasty_monster, hangedman_vaults_unwind,
          vaults_room_semicircle, nicolae_vaults_twisting_passages,
          ontoclasm_vaults_loading_screen, nicolae_vaults_theta, v_misc_16,
          ontoclasm_vaults_fault, nicolae_vaults_diagonal_hallway_8,
          nicolae_vaults_alarming, nicolae_vaults_network_quinsquares
          [nicolae_vaults_network_quincunx_subvault,
          nicolae_vaults_network_quincunx_subvault,
          nicolae_vaults_network_quincunx_subvault,
          nicolae_vaults_network_quincunx_subvault], layout_vaults_ring,
          serial_shops, shop
Vaults:3: gammafunk_vaults_ghost_necromancy, hangedman_vaults_stitches,
          v_misc_25, v_misc_17, vaults_mumra_chevron_long,
          nicolae_vaults_specimen_jars, ontoclasm_vaults_misaligned,
          ontoclasm_vaults_echo, nicolae_vaults_network_square, v_misc_23,
          layout_vaults_big_room
Vaults:4: vaults_room_pool, vaults_dpeg_encased_lava, v_alt_pattern_3,
          vaults_room_large_hall, vaults_room_grunt_arrival_checkpoint,
          nicolae_vaults_network_periphery, ontoclasm_vaults_tryst,
          layout_vaults_omnicross
Vaults:5
Crypt:1:  layout_regular_city
Crypt:2:  layout_rooms, uniq_sojobo, uniq_mennas
Crypt:3:  grunt_crypt_end_deaths_head
Depths:1: layout_cave_pools, pan_entry, hangedman_coc_ice_floe,
          minmay_multi_spiral, firewood_loft
Depths:2: grunt_x_marks_the_spot, layout_cave_shapes, enter_ziggurat_f,
          solitary_fountain, hellmouth_1, uniq_saint_roka
Depths:3: kennysheep_large_vault, layout_cave_pools, rand_demon_pan_entry_4,
          serial_bayou_pond_c, pf_hell_entry_great_geh,
          abyss_entry_small_statue_room, uniq_mara
Depths:4: lemuel_river_lethe, abyss_entry, hell_entry
Depths:5: grunt_crosshair, layout_cave_pools, hell_entry,
          minmay_misc_feat_encased, abyss_entry, uniq_frederick
Zot:1:    layout_gridlike
Zot:2:    layout_twisted_circle
Zot:3:    layout_cathedral_of_symmetry
Zot:4:    layout_concentric_octagons, hangedman_zot_decor_tridents,
          grunt_megastairs_2
Zot:5:    layout_misc_corridors, grunt_ministairs_7

Skill      XL: |  1  2  3  4  5  6  7  8  9 10 11 12 13 14 15 16 17 18 19 20 21 22 23 24 25 26 27 |
---------------+----------------------------------------------------------------------------------+-----
Fighting       | 4 5 6 7 8 9 10 12 13 15 17 19 21 23 25 26 27 | 27.0
Axes           | 3 5 6 7 8 10 12 13 14 16 18 20 25 | 25.8
Armour         | 4 5 6 7 9 10 11 12 13 14 15 17 18 19 20 21 22 23 | 23.0
Invocations    | 2 3 6 10 11 13 14 16 | 16.9
Shields        | 4 5 6 7 9 10 11 13 14 15 23 | 23.8
Throwing       | 1 2 3 4 5 6 7 8 9 12 13 14 15 17 | 17.2
Evocations     | 1 3 5 6 8 12 | 12.0
Unarmed Combat | 3 |  3.0
Spellcasting   | 4 7 10 | 10.0
Charms         | 5 8 10 | 10.3
Necromancy     | 5 |  5.4
Earth Magic    | 9 |  9.9
Transmutations | 4 |  4.0

Action                   |  1- 3 |  4- 6 |  7- 9 | 10-12 | 13-15 | 16-18 | 19-21 | 22-24 | 25-27 || total
-------------------------+-------+-------+-------+-------+-------+-------+-------+-------+-------++-------
Melee: War axe           |   123 |   190 |   334 |   157 |    71 |       |       |       |       ||   875
       Hand axe          |       |       |       |   459 |   540 |       |       |       |       ||   999
       Broad axe         |       |       |       |       |   501 |   986 |  1284 |   613 |  2243 ||  5627
Throw: Boomerang         |     8 |    14 |    52 |    96 |   116 |   176 |    83 |     1 |   121 ||   667
       Dart              |       |       |       |       |    51 |       |       |       |       ||    51
       Javelin           |       |       |       |       |     4 |     2 |       |       |    84 ||    90
 Cast: Song of Slaying   |       |       |       |       |       |       |       |       |   124 ||   124
       Regeneration      |       |       |       |       |       |       |       |       |    12 ||    12
       Passwall          |       |       |       |       |       |       |       |       |     3 ||     3
Invok: Line Pass         |       |     1 |       |       |     2 |     1 |       |       |       ||     4
       Grand Finale      |       |       |       |     1 |       |     1 |       |     1 |     2 ||     5
 Abil: Stop Flying       |       |       |       |       |       |       |       |       |     1 ||     1
       Evoke Flight      |       |       |       |       |       |       |       |       |     1 ||     1
Evoke: Wand              |       |       |     1 |     1 |     7 |       |       |       |     1 ||    10
  Use: Potion            |       |       |     3 |     6 |     2 |       |     1 |     1 |    10 ||    23
       Scroll            |       |       |     6 |    17 |    23 |     7 |     9 |     2 |    32 ||    96
 Stab: Paralysed         |       |     4 |    19 |    63 |   136 |   159 |   201 |   107 |   314 ||  1003
       Confused          |       |       |       |       |       |     2 |       |       |       ||     2
       Distracted        |       |       |       |       |       |       |     1 |       |     2 ||     3
  Eat: Chunk             |     1 |     7 |    10 |    26 |    31 |    14 |    23 |    12 |    30 ||   154
       Ration            |       |       |       |       |     2 |     3 |     1 |     1 |     9 ||    16
Armor: Scale mail        |    25 |       |       |       |       |       |       |       |       ||    25
       Chain mail        |    55 |   111 |   144 |    95 |       |       |       |       |       ||   405
       Plate armour      |       |       |       |    81 |   145 |       |       |       |       ||   226
       Gold dragon scale |       |       |       |       |   122 |   327 |   342 |   281 |  1051 ||  2123
Dodge: Dodged            |    45 |    34 |    68 |   112 |   224 |   179 |   239 |   155 |   565 ||  1621
Block: Shield            |    62 |    95 |   153 |   279 |   731 |   841 |   880 |   496 |   973 ||  4510
       Reflection        |       |       |       |     5 |    18 |   126 |   116 |    67 |       ||   332
       Large shield      |       |       |       |       |       |       |       |       |   413 ||   413

Table legend:
 A = Non-vault XP
 B = Vault XP
 C = Vault XP percentage of total XP
 D = Non-vault monster count
 E = Vault monster count
 F = Vault count percentage of total count
                 A         B        C        D         E       F
            +---------+---------+-------+---------+---------+-------
      Total |  977702 |  988931 |  50.3 |    1666 |    1141 |  40.6
            +---------+---------+-------+---------+---------+-------
        D:1 |      28 |       0 |   0.0 |      18 |       0 |   0.0
        D:2 |     106 |       0 |   0.0 |      32 |       0 |   0.0
        D:3 |     158 |     223 |  58.5 |      29 |       1 |   3.3
        D:4 |     336 |     622 |  64.9 |      20 |       2 |   9.1
        D:5 |    1216 |     188 |  13.4 |      28 |       3 |   9.7
        D:6 |     689 |    1176 |  63.1 |      10 |       7 |  41.2
        D:7 |     733 |     116 |  13.7 |       8 |       1 |  11.1
        D:8 |    1379 |       0 |   0.0 |      36 |       0 |   0.0
        D:9 |    2141 |     899 |  29.6 |      27 |       4 |  12.9
       D:10 |    2097 |       0 |   0.0 |      11 |       0 |   0.0
       D:11 |    3972 |       0 |   0.0 |      28 |       0 |   0.0
       D:12 |    3048 |   11364 |  78.9 |      25 |      13 |  34.2
       D:13 |   10020 |    3150 |  23.9 |      51 |       1 |   1.9
       D:14 |    9592 |    9348 |  49.4 |      39 |      32 |  45.1
       D:15 |    2587 |    2461 |  48.8 |       9 |       4 |  30.8
     Lair:1 |    2143 |     703 |  24.7 |      15 |       3 |  16.7
     Lair:2 |    2358 |    1316 |  35.8 |      13 |       4 |  23.5
     Lair:3 |    2197 |     958 |  30.4 |      14 |       1 |   6.7
     Lair:4 |    9896 |    2914 |  22.7 |      21 |       7 |  25.0
     Lair:5 |    9531 |    2784 |  22.6 |      35 |       2 |   5.4
     Lair:6 |   13501 |    9593 |  41.5 |      34 |      45 |  57.0
   Shoals:1 |   12214 |       0 |   0.0 |      27 |       0 |   0.0
   Shoals:2 |   19902 |     550 |   2.7 |      38 |       1 |   2.6
   Shoals:3 |   14633 |    2306 |  13.6 |      29 |       1 |   3.3
   Shoals:4 |   10685 |   18798 |  63.8 |      23 |      29 |  55.8
    Snake:1 |   15037 |     160 |   1.1 |      35 |       1 |   2.8
    Snake:2 |   18408 |       0 |   0.0 |      37 |       0 |   0.0
    Snake:3 |   23342 |   17339 |  42.6 |      44 |      15 |  25.4
    Snake:4 |   20151 |   64253 |  76.1 |      43 |      87 |  66.9
      Orc:1 |    1295 |     851 |  39.7 |      15 |       1 |   6.2
      Orc:2 |    5010 |   11294 |  69.3 |      34 |      68 |  66.7
      Elf:1 |   12402 |   37713 |  75.3 |      29 |      67 |  69.8
      Elf:2 |   28333 |   26836 |  48.6 |      43 |      33 |  43.4
      Elf:3 |   21005 |   60033 |  74.1 |      31 |      40 |  56.3
   Vaults:1 |   51542 |   10347 |  16.7 |      98 |      16 |  14.0
   Vaults:2 |   53583 |   16027 |  23.0 |      86 |      21 |  19.6
   Vaults:3 |   51756 |   26084 |  33.5 |      73 |      30 |  29.1
   Vaults:4 |   34434 |   31827 |  48.0 |      54 |      25 |  31.6
   Vaults:5 |   18571 |  100183 |  84.4 |      25 |      76 |  75.2
    Crypt:1 |   29787 |       0 |   0.0 |      43 |       0 |   0.0
    Crypt:2 |   40165 |   18653 |  31.7 |      54 |       4 |   6.9
    Crypt:3 |       0 |   79189 | 100.0 |       0 |     121 | 100.0
   Depths:1 |   23915 |   16520 |  40.9 |      32 |      16 |  33.3
   Depths:2 |    6275 |   42825 |  87.2 |      10 |      56 |  84.8
   Depths:3 |   51425 |   73032 |  58.7 |      69 |      51 |  42.5
   Depths:4 |       0 |   58022 | 100.0 |       0 |     118 | 100.0
   Depths:5 |   37029 |   32223 |  46.5 |      35 |      17 |  32.7
      Zot:1 |   42791 |       0 |   0.0 |      25 |       0 |   0.0
      Zot:2 |   48773 |       0 |   0.0 |      31 |       0 |   0.0
      Zot:3 |   74743 |       0 |   0.0 |      36 |       0 |   0.0
      Zot:4 |   63210 |    3258 |   4.9 |      30 |       2 |   6.2
      Zot:5 |   69558 |  179671 |  72.1 |      34 |      44 |  56.4
    Ossuary |       0 |     259 | 100.0 |       0 |      39 | 100.0
      IceCv |       0 |    9169 | 100.0 |       0 |      24 | 100.0
   Gauntlet |       0 |    3694 | 100.0 |       0 |       8 | 100.0
            +---------+---------+-------+---------+---------+-------
